 Dungeon Crawl Stone Soup version 0.27-a0-887-gcab673c142 (webtiles) character file.

Game seed: 10500052778016969850

212 rageheart7 the Skirmisher (level 5, -4/42 HPs)
             Began as a Djinni Monk on Apr 5, 2021.
             Slain by Natasha (8 damage)
             ... on level 3 of the Dungeon.
             The game lasted 00:04:16 (4195 turns).

rageheart7 the Skirmisher (Djinni Monk)             Turns: 4195, Time: 00:04:17

Health: -4/42      AC:  6    Str: 11    XL:     5   Next: 90%
Gold:   146        EV: 11    Int: 12    God:
                   SH:  0    Dex: 15

rFire    + + .     SeeInvis .   e - staff of cold
rCold    . . .     Faith    .   (no shield)
rNeg     . . .     Spirit   .   i - +0 ring mail {Will+}
rPois    ∞         Reflect  .   m - +0 helmet
rElec    .         Harm     .   (no cloak)
rCorr    .         Rampage  .   (no gloves)
Will     +....                  (boots unavailable)
Stlth    +.........             (no amulet)
HPRegen  0.14/turn              (no ring)
MPRegen  0.00/turn              (no ring)

@: flying
A: fire resistance 2, cold vulnerability 1, float, innate caster, hp casting,
extra vitality 1
a: no special abilities


You were on level 3 of the Dungeon.
You visited 1 branch of the dungeon, and saw 3 of its levels.

You collected 146 gold pieces.

Inventory:

Hand Weapons
 a - a +0 mace
Armour
 i - a +0 ring mail of willpower (worn)
 m - a +0 helmet (worn)
Magical Staves
 e - a staff of cold (weapon)
Scrolls
 b - a scroll of immolation {unknown}
 c - 2 scrolls of identify {unknown}
 f - a scroll of fear {unknown}
 g - a scroll of blinking {unknown}
 h - a scroll of fog {unknown}
 j - a scroll of noise {unknown}
 k - a scroll of magic mapping {unknown}
 l - a scroll of holy word {unknown}
Potions
 d - a potion of invisibility


   Skills:
 * Level 4.5 Fighting
 - Level 2.4(2.8) Maces & Flails
 * Level 2.4(3.0) Staves
 - Level 3.2 Dodging
 - Level 1.5 Stealth
 * Level 2.5 Spellcasting


You had 6 spell levels left.
You knew the following spells:

 Your Spells              Type           Power      Damage    Failure   Level
a - Apportation           Tloc           14%        N/A       22%         1
b - Call Imp              Summ           7%         N/A       34%         2
Your spell library was empty.

Dungeon Overview and Level Annotations

Branches:
Dungeon (3/15)

Altars:

Annotations:
D:3 Natasha


Innate Abilities, Weirdness & Mutations

You are immune to poison.
Your flesh is very heat resistant. (rF++)
You are vulnerable to cold. (rC-)
You float through the air rather than walking.
You learn spells naturally, not from books.
Your magical power is your life essence.
You have superior vitality. (+4 HP)


Message History

What are your orders? t - Shout!
Orders for allies: a - Attack new target. p - Attack previous target. r - Retreat! s - Stop attacking. g - Guard the area. f - Follow me.
Anything else - Cancel.
Gang up on whom?
Press: ? - help, Dir - move target, f/p - Natasha
Aim: Natasha (moderately wounded, ally target) Attack!
Natasha claws your crimson imp.
Your crimson imp closely misses Natasha.
Your crimson imp hits Natasha.
Unknown command.
Natasha closely misses your crimson imp.
Your crimson imp blinks! x2
What are your orders? t - Shout!
Orders for allies: a - Attack new target. p - Attack previous target. r - Retreat! s - Stop attacking. g - Guard the area. f - Follow me.
Anything else - Cancel.
Gang up on whom?
Press: ? - help, Dir - move target, f/p - Natasha
Aim: Natasha (heavily wounded, ally target) Attack!
You are too injured to fight recklessly!
You are too injured to fight recklessly!
You hit Natasha but do no damage.
Natasha is heavily wounded.
Natasha claws you.
* * * LOW HITPOINT WARNING * * *
Your crimson imp blinks!
You barely miss Natasha.
Natasha is heavily wounded.
Natasha closely misses you.
Your crimson imp blinks!
You hit Natasha but do no damage.
Natasha is heavily wounded.
Natasha claws you!
You die...

#.# .....# #.#
#.5...# ##.##
.......
##)#.##......#
##.###†#......#
#.## ##..##.###
##.###†........
##.#h##.##.##.
#.@## .# # #.##
.# #. #.# .. ..
..# #.# ## #. #.#
#.# #.##.# #.#
...#.###### #.#
....>.....#####.#
.....##.........#


You could see Natasha (ally target) and a friendly crimson imp (summoned).

Vanquished Creatures
  Natasha (D:3)
  2 orc wizards (D:2)
  4 gnolls (D:2)
  3 adders
  3 worms (D:2)
  4 dart slugs
  An orc (D:2)
  5 ball pythons
  11 endoplasms
  A giant cockroach (D:1)
  10 goblins
  3 jackals (D:1)
  2 quokkas
  3 bats (D:2)
  5 frilled lizards
  2 kobolds
  7 rats
67 creatures vanquished.

Vanquished Creatures (collateral kills)
  A worm (D:3)
1 creature vanquished.

Vanquished Creatures (others)
  4 plants (D:3)
4 creatures vanquished.

Grand Total: 72 creatures vanquished

Notes
Turn   | Place    | Note
-------+----------+-------------------------------------------
     0 | D:1      | rageheart7 the Djinni Monk began the quest for the Orb.
     0 | D:1      | Reached XP level 1. HP: 20/20 MP: 0/0
   378 | D:1      | Reached XP level 2. HP: 8/25 MP: 0/0
   643 | D:1      | Found a faded altar of an unknown god.
   736 | D:1      | Reached skill level 1 in Spellcasting
  1134 | D:1      | Reached XP level 3. HP: 13/30 MP: 0/0
  1134 | D:1      | Learned a level 1 spell: Apportation
  1746 | D:2      | Reached skill level 1 in Staves
  1895 | D:2      | Reached XP level 4. HP: 23/37 MP: 0/0
  2330 | D:2      | Reached skill level 4 in Fighting
  2343 | D:2      | Reached XP level 5. HP: 7/41 MP: 0/0
  2343 | D:2      | Learned a level 2 spell: Call Imp
  4146 | D:3      | Noticed Natasha
  4158 | D:3      | Killed Natasha
  4172 | D:3      | Noticed Natasha
  4195 | D:3      | Slain by Natasha

Illustrated notes

Levels and vault maps discovered:
D:1:      dpeg_arrival_tiny_f, layout_basic, basic_ecumenical_altar,
          st_stairs_2, minmay_circled_x
D:2:      layout_basic, kennysheep_generic_room_7
D:3:      layout_loops_ring, lemuel_coloured_pillars_altar,
          nicolae_overflow_crystal_walls, serial_bayou_pond_c, uniq_sigmund,
          uniq_natasha, uniq_grinder

Skill      XL: |  1  2  3  4  5 |
---------------+----------------+-----
Spellcasting   | 1 2 |  2.5
Staves         | 1 2 |  2.4
Fighting       | 4 |  4.5
Maces & Flails | |  2.4
Dodging        | |  3.2
Stealth        | |  1.5

Action                   |  1- 3 |  4- 6 || total
-------------------------+-------+-------++-------
Melee: Mace              |   136 |   149 ||   285
       Staff             |       |    32 ||    32
 Cast: Call Imp          |       |     4 ||     4
  Use: Potion            |       |     2 ||     2
 Stab: Sleeping          |     1 |     2 ||     3
Armor: Robe              |    14 |       ||    14
       Ring mail         |    23 |    50 ||    73
Dodge: Dodged            |    99 |    97 ||   196

Table legend: (Time is in decaauts)
 A = Elapsed time spent in this place.
 B = Non-inter-level travel time spent in this place.
 C = Inter-level travel time spent in this place.
 D = Time resting spent in this place.
 E = Time spent auto-exploring this place.
 F = Levels seen in this place.
 G = Mean time per level.
                   A        B        C        D        E       F      G
               +--------+--------+--------+--------+--------+-----+--------+
         Total |   4277 |   4176 |    101 |      0 |   3460 |   3 | 1425.7 |
       Dungeon |   4277 |   4176 |    101 |      0 |   3460 |   3 | 1425.7 |
               +--------+--------+--------+--------+--------+-----+--------+

Top non-repeatable levels by time:
     D:2: 2438 daAuts
     D:1: 1751 daAuts
     D:3: 87 daAuts
